AoeStats
← [CL]_Annderson

Scandinavia

511804635Analyzed
1v1 RM · 10d ago on Oct 6, 2026· 33m 14s· 2 players
Game mode
Random Map
Map size
Tiny (2 player)
Population
200
Speed
Normal
Resources
Standard
Victory
Conquest
Starting age
Dark Age
Ending age
Imperial Age
RankedLock teamsTeams togetherTeam positionsShared explorationLock speedFull tech treeHidden civsTurbo modeCheats
Victory
Defeat
🇳🇱 Ethiopians · Netherlands
1474
+14
vs
🇨🇱 Saracens · Chile
1440
-14
[CL]_Annderson
8:52 Loom
11:15 Feudal Age
11:47 Double-Bit Axe
13:26 Gold Mining
14:41 Fletching
19:07 Padded Archer Armor
21:41 Castle Age
21:21 Horse Collar
21:45 Crossbowman
22:21 Bodkin Arrow
31:26 Heavy Plow
35:36 Imperial Age
cas
7:47 Loom
9:04 Loom
11:13 Feudal Age
15:38 Castle Age
13:53 Fletching
14:12 Horse Collar
16:30 Bodkin Arrow
19:50 Crossbowman
24:58 Ballistics
25:08 Forging
25:35 Double-Bit Axe
31:02 Bow Saw
31:01 Padded Archer Armor
Connection lost

Rejoining the realm…

Still unreachable

The connection could not be restored.

Session expired

The server has moved on; the page needs a fresh start.